 Dungeon Crawl Stone Soup version 0.32-a0-870-g877066f4b4 (webtiles) character file.

Game seed: 11061709121295238946

242 Amplified the Twirler (level 5, -9/40 HPs)
             Began as a Demonspawn Wanderer on Mar 29, 2024.
             Was a Believer of Sif Muna.
             Mangled by a hornet (13 damage)
             ... on level 4 of the Dungeon.
             The game lasted 00:05:01 (3308 turns).

Amplified the Twirler (Demonspawn Wanderer)         Turns: 3308, Time: 00:05:02

Health: -9/40      AC:  8    Str: 11    XL:     5   Next: 81%
Magic:  7/7        EV:  9    Int: 13    God:    Sif Muna [**....]
Gold:   150        SH:  0    Dex: 15    Spells: 7/7 levels left

rFire   + . .        b - +1 quarterstaff
rCold   . . .        (shield currently unavailable)
rNeg    . . .        f - +1 ring mail
rPois   .            (helmet restricted)
rElec   .            (no cloak)
rCorr   .            (no gloves)
SInv    .            (no boots)
Will    .....        (no amulet)
Stlth   +            g - ring of protection from fire
HPRegen 0.26/turn    (no ring)
MPRegen 0.10/turn

%: no passive effects
@: lethally poisoned (-9 -> -16), slowed, very slow
A: antennae 2, molten scales 1, ignite blood 1
a: Renounce Religion, Channel Magic


You were on level 4 of the Dungeon.
You worshipped Sif Muna.
Sif Muna was pleased with you.
You visited 1 branch of the dungeon, and saw 4 of its levels.

You collected 150 gold pieces.

Inventory:

Hand Weapons
 a - a +3 sling
 b - a +1 quarterstaff (weapon)
Missiles
 h - 4 poisoned darts (quivered)
Armour
 c - an orb of mayhem
 f - a +1 ring mail (worn)
Jewellery
 g - a ring of protection from fire (left hand)
Wands
 m - a wand of charming (7)
Scrolls
 i - a scroll of teleportation
 j - a scroll of immolation
 l - 2 scrolls of torment


   Skills:
 * Level 2.8 Fighting
 * Level 2.9 Staves
 - Level 1.7 Ranged Weapons
 + Level 2.4 Armour
 + Level 1.7 Dodging
 * Level 1.9 Spellcasting
 + Level 2.6 Invocations
 + Level 1.8 Evocations


You had 7 spell levels left.
You didn't know any spells.
Your spell library contained the following spells:

 Spells                   Type           Power      Damage    Failure   Level
 Summon Small Mammal      Summ           4%         N/A       52%         1
 Call Canine Familiar     Summ           1%         N/A       88%         3
 Summon Blazeheart Golem  Fire/Summ      1%         N/A       99%         4


Dungeon Overview and Level Annotations

Branches:
Dungeon (4/15)
 Temple: D:4-7

Altars:
Fedhas
Hepliaklqana
Sif Muna
Wu Jian


Innate Abilities, Weirdness & Mutations

You have a pair of antennae on your head.
You are partially covered in molten scales. (AC +2)
Your demonic aura sometimes causes spilled blood to erupt in flames.


Message History

No target in view!
No target in view!
You see here a poisoned dart.
A hornet is nearby!
The hornet stings you but does no damage.
You don't have any such object.
Fire/throw/use which item? ([*] to toss any item) (? for menu, Esc to quit)
Okay, then.
Unknown command.
Unknown command.
Okay, then.
Okay, then.
Okay, then.
Aiming: Charm
Press: ? - help, Shift-Dir - straight line, f - hornet
Aim: a hornet (chance to affect: 45%)
The hornet resists with some effort.
The hornet stings you!
You feel yourself slow down. The hornet stings you!
You feel as though you will be slow longer.
Aiming: Charm
Press: ? - help, Shift-Dir - straight line, f/p - hornet
Aim: a hornet (chance to affect: 45%)
The hornet resists with some effort.
The hornet closely misses you. The hornet stings you.
You are poisoned.
You feel as though you will be slow longer.
Unknown command.
Aiming: Charm
Press: ? - help, Shift-Dir - straight line, f/p - hornet
Aim: a hornet (chance to affect: 45%)
The hornet resists with some effort.
* * * LOW HITPOINT WARNING * * *
You feel very sick.
The hornet stings you but does no damage. x2
You feel better. The hornet stings you!
* * * LOW HITPOINT WARNING * * *
You are lethally poisoned!
You feel as though you will be slow longer.
The hornet stings you!
You die...

...'_###..# #.........#####.....#
.###'###..# #..........## ##.....
.# #.# #..# #...........####.....
.###.###..###....................
.........###.<...................
..........#......................
.....####........(...............
.....# ##...###.................
..#..####.....##@................
..##..........##y...........##...
....#...##....#...###.......##...
##....####........##........##...
###..# ##...............#.##..#
##.#####...........#..........
#..##.#..##.......#..........
##.###...###.รท........<.....#
#.##..#.##..................


You could see a hornet.

Vanquished Creatures
  3 bombardier beetles
  An iguana (D:4)
  5 adders
  A dart slug (D:3)
  A ribbon worm (D:2)
  An orc (D:4)
  3 bats
  7 endoplasms
  4 giant cockroaches
  3 goblins
  7 hobgoblins
  4 jackals (D:3)
  10 kobolds
  5 quokkas
  6 ball pythons
  A frilled lizard (D:3)
  7 rats
69 creatures vanquished.

Notes
Turn   | Place    | Note
-------+----------+-------------------------------------------
     0 | D:1      | Amplified the Demonspawn Wanderer began the quest for the
                  | Orb.
     0 | D:1      | Amplified set off with the following items: a +3 sling, a
                  | +0 quarterstaff, a potion of haste, a +0 robe.
     0 | D:1      | Reached XP level 1. HP: 15/15 MP: 1/1
   186 | D:1      | Found a faded altar of an unknown god.
   201 | D:1      | Prayed at the altar of an unknown god.
   201 | D:1      | Became a worshipper of Sif Muna the Loreminder
   201 | D:1      | Reached * piety under Sif Muna
   437 | D:1      | Gained mutation: You are partially covered in molten
                  | scales. (AC +2) [demonic ancestry]
   437 | D:1      | Reached XP level 2. HP: 20/21 MP: 3/3
  1174 | D:2      | Gained mutation: You have a pair of small antennae on your
                  | head. [demonic ancestry]
  1174 | D:2      | Reached XP level 3. HP: 26/26 MP: 4/4
  1806 | D:3      | Reached skill level 1 in Spellcasting
  1870 | D:3      | Gained mutation: You have a pair of antennae on your head.
                  | [demonic ancestry]
  1870 | D:3      | Reached XP level 4. HP: 31/33 MP: 5/5
  2085 | D:3      | Found an ornate altar of the Wu Jian Council.
  2100 | D:3      | Reached ** piety under Sif Muna
  2295 | D:3      | Found a hazy altar of Hepliaklqana.
  2587 | D:4      | Found a blossoming altar of Fedhas.
  2756 | D:4      | Gained mutation: Your demonic aura sometimes causes spilled
                  | blood to erupt in flames. [demonic ancestry]
  2756 | D:4      | Reached XP level 5. HP: 21/39 MP: 7/7
  3300 | D:4      | Noticed a hornet
  3308 | D:4      | Mangled by a hornet

Illustrated notes

Levels and vault maps discovered:
D:1:      ncdulo_halloftheorcs, layout_loops_corners, serial_forest,
          infiniplex_forest_lined_3, infiniplex_forest_lined_3_way,
          infiniplex_forest_corner_1, infiniplex_forest_end_3,
          infiniplex_forest_end_double, ebering_ecumenical_altar_box,
          amcnicky_mini_corridor_feature
D:2:      layout_basic, grunt_ministairs_3
D:3:      layout_rooms, pdpol_wu_jian_five_deadly_venoms,
          nicolae_overflow_crystal_walls, minmay_misc_feat_encased
D:4:      layout_layer_cave, fedhas_ov_isle_minmay, lemuel_doored_altar

Skill      XL: |  1  2  3  4 |
---------------+-------------+-----
Staves         | 2 |  2.9
Armour         | 2 |  2.4
Fighting       | 2 |  2.8
Spellcasting   | 1 |  1.9
Invocations    | 2 |  2.6
Ranged Weapons | |  1.7
Dodging        | |  1.7
Evocations     | |  1.8

Action                     |  1- 3 |  4- 6 || total
---------------------------+-------+-------++-------
  Melee: Whip              |   190 |    98 ||   288
         Quarterstaff      |       |    51 ||    51
   Fire: Sling             |    15 |       ||    15
  Throw: Dart              |       |     3 ||     3
  Evoke: Wand              |       |     3 ||     3
    Use: Potion            |     3 |     4 ||     7
         Scroll            |     3 |     7 ||    10
 Armour: Ring mail         |   151 |   139 ||   290
         Robe              |     5 |       ||     5
  Dodge: Dodged            |    89 |    94 ||   183

Table legend: (Time is in decaauts)
 A = Elapsed time spent in this place.
 B = Non-inter-level travel time spent in this place.
 C = Inter-level travel time spent in this place.
 D = Time resting spent in this place.
 E = Time spent auto-exploring this place.
 F = Levels seen in this place.
 G = Mean time per level.
                   A        B        C        D        E       F      G
               +--------+--------+--------+--------+--------+-----+--------+
         Total |   3322 |   3240 |     82 |    107 |   2338 |   4 |  830.5 |
       Dungeon |   3322 |   3240 |     82 |    107 |   2338 |   4 |  830.5 |
               +--------+--------+--------+--------+--------+-----+--------+

Top non-repeatable levels by time:
     D:1: 1152 daAuts
     D:3: 779 daAuts
     D:4: 759 daAuts
     D:2: 631 daAuts
